 Dungeon Crawl Stone Soup version 0.30.0-3-ga4e48a9924 (webtiles) character file.

Game seed: 12966112969904216289

118 browni3141 the Conjurer (level 5, -2/41 HPs)
             Began as a Ghoul Conjurer on May 7, 2023.
             Slain by a gnoll
             ... wielding a +0 whip
              (7 damage)
             ... while paralysed by Ijyb
             ... on level 3 of the Dungeon.
             The game lasted 00:04:38 (2531 turns).

browni3141 the Conjurer (Ghoul Conjurer)            Turns: 2531, Time: 00:04:39

Health: -2/41      AC:  6    Str: 11    XL:     5   Next: 2%
Magic:  1/8        EV:  2    Int: 15    God:
Gold:   71         SH:  0    Dex:  7    Spells: 7/10 levels left

rFire   . . .        P - +5 long sword
rCold   + . .        (no shield)
rNeg    + + +        a - +0 robe
rPois   ∞            (no helmet)
rElec   .            (no cloak)
rCorr   .            (no gloves)
SInv    .            (no boots)
Will    .....        n - amulet of the acrobat
Stlth   ++           W - +4 ring of protection
HPRegen 0.00/turn    Y - +4 ring of slaying
MPRegen 0.11/turn

%: acrobat
@: paralysed, inhibited regen
A: claws 1, cold resistance 1, negative energy resistance 3, inhibited
regeneration, torment resistance 2, devour on kill
a: no special abilities


You were on level 3 of the Dungeon.
You visited 1 branch of the dungeon, and saw 3 of its levels.

You collected 71 gold pieces.

Inventory:

Hand Weapons
 G - a +1 vampiric trident
 P - a +5 long sword (weapon)
 V - a +1 vampiric whip
Missiles
 J - 4 curare-tipped darts
 T - 6 boomerangs
 Z - 2 throwing nets
Armour
 a - a +0 robe (worn)
 N - a scarf of shadows
Magical Staves
 o - a staff of air
Jewellery
 n - an amulet of the acrobat (around neck)
 W - a +4 ring of protection (left claw)
 Y - a +4 ring of slaying (right claw)
Wands
 Q - a wand of roots (10)
Scrolls
 H - 3 scrolls of blinking {unknown}
 L - a scroll of fog {unknown}
 O - a scroll of vulnerability {unknown}
 R - 2 scrolls of identify {unknown}
 S - 2 scrolls of noise {unknown}
 U - a scroll of fear {unknown}
 X - 2 scrolls of enchant armour {unknown}
Potions
 m - a potion of magic
 F - 2 potions of degeneration {unknown}
 I - a potion of invisibility {unknown}
 K - a potion of flight {unknown}
 M - 2 potions of curing {unknown}


   Skills:
 - Level 2.0 Fighting
 - Level 1.7 Dodging
 - Level 2.1 Stealth
 * Level 2.9 Unarmed Combat
 - Level 3.0 Spellcasting
 - Level 3.2 Conjurations


You had 7 spell levels left.
You knew the following spells:

 Your Spells              Type           Power      Damage    Failure   Level
a - Magic Dart            Conj           48%        1d5       5%          1
r - Searing Ray           Conj           24%        2d5       8%          2

Your spell library contained the following spells:

 Spells                   Type           Power      Damage    Failure   Level
 Shock                    Conj/Air       28%        1d4       11%         1
 Necrotise                Necr           8%         1d4       21%         1
 Cigotuvi's Dreadful Rot  Necr/Pois/Air  4%         N/A       30%         2
 Dazzling Flash           Conj/Hex       14%        N/A       30%         3
 Ignite Poison            Fire/Tmut/Pois 2%         N/A       52%         3
 Swiftness                Air            2%         N/A       52%         3
 Vampiric Draining        Necr           2%         2d6       52%         3
 Vhi's Electric Charge    Tloc/Air       4%         N/A       52%         3
 Fulminant Prism          Conj/Hex       3%         3d5       71%         4
 Iskenderun's Mystic Bla  Conj/Tloc      7%         2d4       71%         4
 Airstrike                Air            1%         2d(1-17)  89%         4
 Arcjolt                  Conj/Air       3%         1d13      96%         5
 Freezing Cloud           Conj/Ice/Air   2%         6-21      98%         5
 Agony                    Necr           2%         N/A       99%         5
 Maxwell's Capacitive Co  Air            1%         ∞         100%        8


Dungeon Overview and Level Annotations

Branches:
Dungeon (3/15)

Altars:
Uskayaw

Shops:
D:3 :

Annotations:
D:3 Ijyb, Robin


Innate Abilities, Weirdness & Mutations

You are immune to poison.
You have sharp fingernails.
Your flesh is cold resistant. (rC+)
You are immune to negative energy. (rN+++)
You do not regenerate when monsters are visible.
You are immune to unholy pain and torment.
You thrive by killing the living.


Message History

Roots grab the goblin.
Roots grab Ijyb.
Roots grab the ball python.
The grasping roots constrict Ijyb.
The grasping roots constrict the goblin!
You kill the goblin!
You feel better.
The grasping roots constrict the ball python.
You kill the ball python!
You hear a shout!
The bat closely misses you. Ijyb hits you with a +0 dagger.
A goblin comes into view. It is wielding a +0 club.
Unknown command.
Okay, then.
Casting: Searing Ray (safe; 8% risk of failure)
Confirm with . or Enter, or press ? or * to list all spells.
Aiming: Searing Ray (safe; 8% risk of failure)
Press: ? - help, Shift-Dir - straight line, f - gnoll
Aim: a gnoll, wielding a +0 whip (79% to hit)
The searing ray hits the bat.
You kill the bat!
You feel better.
The searing ray hits Robin.
Robin is moderately wounded.
The searing ray hits the gnoll!
The gnoll is heavily wounded.
The searing ray hits the giant cockroach.
The giant cockroach is almost dead. (Press . to maintain the ray.)
The grasping roots constrict Ijyb.
The roots release their grip on Ijyb.
Ijyb hits you with a +0 dagger.
The searing ray hits the gnoll.
The gnoll is moderately wounded.
The searing ray hits the gnoll.
The gnoll is almost dead.
Ijyb zaps a wand.
You suddenly lose the ability to move!
Ijyb zaps a wand.
You resist with some effort. The gnoll hits you with a +0 whip. x2
You can move again.
Unknown command.
Unknown command.
Unknown command.
Unknown command.
Aiming: Fastroot
Press: ? - help, Shift-Dir - straight line, p - gnoll The roots erupt in riotous growth!
Roots grab the gnoll.
Roots grab Ijyb.
Roots grab the gnoll.
The grasping roots constrict Ijyb.
The grasping roots constrict the gnoll.
The grasping roots constrict the gnoll!
You kill the gnoll!
You feel better. The gnoll hits you with a +0 whip.
Ijyb hits you with a +0 dagger.
Unknown command.
Unknown command.
Casting: Searing Ray (safe; 8% risk of failure)
Confirm with . or Enter, or press ? or * to list all spells.
Aiming: Searing Ray (safe; 8% risk of failure)
Press: ? - help, Shift-Dir - straight line, f - hobgoblin
Aim: a hobgoblin (strong, 76% to hit)
The searing ray hits the giant cockroach!
You kill the giant cockroach!
The searing ray hits Robin!
Robin is severely wounded.
The searing ray hits the goblin.
You kill the goblin!
You feel better.
The searing ray hits the hobgoblin.
You kill the hobgoblin!
You feel better. (Press . to maintain the ray.)
The grasping roots constrict Ijyb.
The grasping roots constrict the gnoll.
The roots release their grip on Ijyb.
The roots release their grip on the gnoll.
The gnoll barely misses you. Ijyb hits you with a +0 dagger.
You have reached level 5!
You feel stronger.
The searing ray hits Robin.
Robin is almost dead.
The searing ray hits the gnoll.
The gnoll is heavily wounded.
The gnoll closely misses you. Robin completely misses you.
Ijyb zaps a wand.
You resist with some effort.
The searing ray hits Robin.
Robin is almost dead.
The searing ray hits the gnoll.
The gnoll is heavily wounded.
A bat comes into view.
The gnoll closely misses you.
Robin roars a battlecry!
Ijyb goes into a battle-frenzy!
Ijyb zaps a wand.
You suddenly lose the ability to move!
The gnoll hits you with a +0 whip. Robin hits you with a +0 short sword.
Ijyb hits you with a +0 dagger. The gnoll hits you with a +0 whip.
* * * LOW HITPOINT WARNING * * *
Robin hits you with a +0 short sword.
* * * LOW HITPOINT WARNING * * *
Ijyb hits you with a +0 dagger.
* * * LOW HITPOINT WARNING * * *
The gnoll hits you but does no damage. Robin hits you but does no damage.
A hobgoblin comes into view.
Ijyb hits you but does no damage. The gnoll hits you with a +0 whip!
You die...

....# ## ....# #. ..
.#### .. .# ## #.# ..
# ..# .# . #
###########.# .# ... #
#...........###b#g....
#
#.###.####...ggg)†....
# ##.#
#.#.(#..)@####.###
#..# #.#.(#._.g#
###.## #)#..#....#
.#...# #.####....#
.#...# #.......#.##
..)..# #......##..##.
##...# ######........
#...# #........ #...#
#........#


You could see Ijyb (strong), Robin, 2 dancing weapons, 2 gnolls, a hobgoblin
(strong) and a bat.

Vanquished Creatures
  An orc priest (D:3)
  2 gnolls
  An adder (D:2)
  A dart slug (D:2)
  3 orcs
  6 ball pythons
  2 endoplasms
  2 giant cockroaches
  9 goblins
  7 hobgoblins
  3 quokkas
  6 bats
  5 frilled lizards
  4 kobolds
  A rat (D:2)
53 creatures vanquished.

Vanquished Creatures (others)
  2 plants (D:2)
2 creatures vanquished.

Grand Total: 55 creatures vanquished

Notes
Turn   | Place    | Note
-------+----------+-------------------------------------------
     0 | D:1      | browni3141 the Ghoul Conjurer began the quest for the Orb.
     0 | D:1      | Reached XP level 1. HP: 14/14 MP: 2/2
   206 | D:1      | Reached XP level 2. HP: 14/20 MP: 2/4
   627 | D:1      | Learned a level 2 spell: Searing Ray
   923 | D:1      | Reached XP level 3. HP: 20/26 MP: 6/6
   960 | D:1      | Found a faded altar of an unknown god.
  1232 | D:1      | Reached skill level 3 in Spellcasting
  1985 | D:2      | Reached XP level 4. HP: 36/36 MP: 7/7
  2315 | D:3      | Found Laperirph's Book Boutique.
  2448 | D:3      | Noticed a +0 hand axe
  2450 | D:3      | Noticed a +0 dagger
  2451 | D:3      | Found a hide-covered altar of Uskayaw.
  2512 | D:3      | Noticed Robin
  2513 | D:3      | Noticed Ijyb
  2516 | D:3      | Paralysed by Ijyb for 4 turns
  2522 | D:3      | Paralysed by Ijyb for 2 turns
  2526 | D:3      | Reached XP level 5. HP: 22/41 MP: 2/8
  2527 | D:3      | Paralysed by Ijyb for 5 turns
  2531 | D:3      | Slain by a gnoll

Illustrated notes

Levels and vault maps discovered:
D:1:      dpeg_arrival_chambers_temple_mockup, layout_basic,
          shapermc_ecumenical_altar_totnotflames, due_unseen_surprise
D:2:      layout_basic, serial_bayou, serial_bayou_crossing,
          serial_bayou_shore_a, serial_bayou_ford_a, serial_bayou_shore_b
D:3:      layout_rooms, mainiacjoe_overflow_paths, dancing_weapons_uskayaw,
          serial_shops, shop, nicolae_goblin_pals

Skill      XL: |  1  2  3  4 |
---------------+-------------+-----
Spellcasting   | 2 3 |  3.0
Fighting       | 1 2 |  2.0
Unarmed Combat | 2 |  2.9
Dodging        | |  1.7
Stealth        | |  2.1
Conjurations   | |  3.2

Action                     |  1- 3 |  4- 6 || total
---------------------------+-------+-------++-------
  Melee: Unarmed           |   114 |       ||   114
         Long sword        |     6 |    21 ||    27
   Cast: Magic Dart        |    17 |     1 ||    18
         Searing Ray       |     1 |     3 ||     4
  Evoke: Wand              |       |     2 ||     2
   Stab: Sleeping          |     7 |       ||     7
 Armour: Robe              |    26 |    18 ||    44
  Dodge: Dodged            |    84 |    31 ||   115
